 Dungeon Crawl Stone Soup version 0.24-a0-493-g7e4ddcd485 (webtiles) character file.

Game seed: 5111002191192291898

63 forest the Sneak (level 3, -11/18 HPs)
             Began as a Spriggan Assassin on July 12, 2019.
             Mangled by a goblin
             ... wielding a +2 dagger of electrocution
             ... led by Robin
              (20 damage)
             ... on level 2 of the Dungeon.
             The game lasted 00:03:51 (2290 turns).

forest the Sneak (Spriggan Assassin)                Turns: 2290, Time: 00:03:52

Health: -11/18     AC:  3    Str:  8    XL:     3   Next: 89%
Magic:  4/4        EV: 17    Int: 12    God:
Gold:   73         SH:  3    Dex: 17    Spells: 2/2 levels left

rFire    . . .     SeeInvis +   a - +2 dagger
rCold    . . .     Gourm    .   (shield restricted)
rNeg     . . .     Faith    .   b - +0 robe
rPois    .         Spirit   .   (helmet restricted)
rElec    .         Reflect  +   c - +0 cloak
rCorr    .         Harm     .   (gloves unavailable)
MR       .....                  (boots unavailable)
Stlth    ++++......             k - +3 amulet of reflection
HPRegen  0.06/turn              (no ring)
MPRegen  0.09/turn              (no ring)

@: very quick
A: very small, unfitting armour, see invisible, herbivore, speed 3, slow
metabolism 2
a: no special abilities


You were on level 2 of the Dungeon.
You were not hungry.

You visited 1 branch of the dungeon, and saw 2 of its levels.

You collected 73 gold pieces.

Inventory:

Hand Weapons
 a - a +2 dagger (weapon)
 l - a +0 hunting sling
Missiles
 d - 17 poisoned darts (quivered)
 e - 2 curare-tipped darts
 g - 47 sling bullets
 i - 52 stones
Armour
 b - a +0 robe (worn)
 c - a +0 cloak (worn)
Jewellery
 k - a +3 amulet of reflection (around neck)
Scrolls
 m - a scroll of magic mapping {unknown}
 p - a scroll of amnesia {unknown}
 q - 5 scrolls of identify {unknown}
 s - a scroll of remove curse {unknown}
Potions
 j - a potion of degeneration {unknown}
 o - a potion of invisibility {unknown}
 r - a potion of flight {unknown}
Comestibles
 f - 2 rations


   Skills:
 + Level 1.9 Fighting
 + Level 2.6 Short Blades
 + Level 0.3(1.6) Slings
 + Level 2.1(2.2) Throwing
 + Level 2.1 Dodging
 + Level 7.4 Stealth


You had 2 spell levels left.
You didn't know any spells.
Your spell library was empty.

Dungeon Overview and Level Annotations

Branches:
Dungeon (2/15)

Altars:

Annotations:
D:2 Robin


Innate Abilities, Weirdness & Mutations

You are very small and have problems with some larger weapons.
You are too small for most types of armour.
You have supernaturally acute eyesight. (SInv)
You are a herbivore.
You cover ground extremely quickly.
You need to consume almost no food.


Message History

You closely miss the goblin.
The goblin is severely wounded.
The goblin completely misses you.
You hit the goblin.
You kill the goblin!
You barely miss the goblin. You hit the goblin.
The goblin is heavily wounded.
The goblin misses you.
You closely miss the goblin.
The goblin is heavily wounded.
You barely miss the goblin.
The goblin is heavily wounded.
The goblin completely misses you. The goblin misses you.
You barely miss the goblin.
The goblin is heavily wounded.
The goblin hits you with a +2 dagger of electrocution.
You are electrocuted!!
Ouch! That really hurt!
You die...

#.#
..........#.>g.g..
#.# #......g..#
#.# #...gg..###
#.# # ###..g###
##.## .# ####g...#
#...##.#
#g.)g###..g..
.......# #g###.#
##### .....###
######g## #.#
.....# #.....g@#
.#
#....###.#.####..#
#
)........#.####..#
###..#####.##....#
# #..#####.##.##.#
# #...........##.#
# #..#####.......#
# #..# ###..#### #
#[.#######..#


You could see Robin and 3 goblins.

Vanquished Creatures
  2 adders (D:2)
  An ooze (D:2)
  A worm (D:2)
  5 bats
  A giant cockroach (D:1)
  12 goblins
  3 hobgoblins (D:1)
  2 frilled lizards
  7 kobolds
  4 rats
38 creatures vanquished.

Notes
Turn   | Place    | Note
-------+----------+-------------------------------------------
     0 | D:1      | forest the Spriggan Assassin began the quest for the Orb.
     0 | D:1      | Reached XP level 1. HP: 10/10 MP: 2/2
    40 | D:1      | Reached skill level 6 in Stealth
   577 | D:1      | Reached XP level 2. HP: 13/15 MP: 3/3
  1366 | D:2      | Reached XP level 3. HP: 17/18 MP: 4/4
  1422 | D:2      | Reached skill level 7 in Stealth
  1873 | D:2      | Noticed Robin
  2290 | D:2      | Mangled by a goblin

Levels and vault maps discovered:
D:1:      ebering_trefoil_twist, layout_basic
D:2:      layout_loops_ring, grunt_gozag_statues, first_ration,
          minmay_pentomino_o4, uniq_robin

Skill      XL: |  1  2  3 |
---------------+----------+-----
Stealth        | 6 7 |  7.4
Dodging        | 2 |  2.1
Fighting       | |  1.9
Short Blades   | |  2.6
Slings         | |  0.3
Throwing       | |  2.1

Action                   || total
-------------------------++-------
Melee: Dagger            ||   134
 Fire: Hunting sling     ||     6
Throw: Dart              ||     3
  Use: Scroll            ||     1
       Potion            ||     1
 Stab: Sleeping          ||    11
Armor: Robe              ||    16
Dodge: Dodged            ||    94
Block: Other             ||     8
       Reflection        ||     1

Table legend:
 A = Non-vault XP
 B = Vault XP
 C = Vault XP percentage of total XP
 D = Non-vault monster count
 E = Vault monster count
 F = Vault count percentage of total count
                 A         B        C        D         E       F
            +---------+---------+-------+---------+---------+-------
      Total |      67 |      24 |  26.4 |      30 |       8 |  21.1
            +---------+---------+-------+---------+---------+-------
        D:1 |      26 |       0 |   0.0 |      17 |       0 |   0.0
        D:2 |      41 |      24 |  36.9 |      13 |       8 |  38.1
            +---------+---------+-------+---------+---------+-------
